 Dungeon Crawl Stone Soup version 0.31-a0-229-g1fc7ce93e2 (webtiles) character file.

Game seed: 13341673318995308148

4 qw the Shooter (level 1, 0/16 HPs)
             Began as a Minotaur Hexslinger on July 6, 2023.
             Slain by a quokka (4 damage)
             ... on level 1 of the Dungeon.
             The game lasted 00:00:02 (75 turns).

qw the Shooter (Minotaur Hexslinger)                  Turns: 75, Time: 00:00:03

Health: 0/16       AC:  2    Str: 12    XL:     1   Next: 58%
Magic:  1/1        EV: 12    Int: 10    God:
Gold:   0          SH:  0    Dex: 12    Spells: 1/2 levels left

rFire   . . .        a - +1 sling
rCold   . . .        (no shield)
rNeg    . . .        c - +0 robe
rPois   .            (helmet restricted)
rElec   .            (no cloak)
rCorr   .            (no gloves)
SInv    .            (no boots)
Will    .....        (no amulet)
Stlth   +            (no ring)
HPRegen 0.22/turn    (no ring)
MPRegen 0.07/turn

%: no passive effects
@: no status effects
A: horns 2, retaliatory headbutt
a: no special abilities


You were on level 1 of the Dungeon.
You visited 1 branch of the dungeon, and saw 1 of its levels.


Innate Abilities, Weirdness & Mutations

You have a pair of horns on your head.
You reflexively headbutt those who attack you in melee.


   Skills:
 - Level 1.2 Fighting
 + Level 2.7 Ranged Weapons
 - Level 2.1 Dodging
 - Level 1.0 Spellcasting
 - Level 2.0 Hexes


You had one spell level left.
You knew the following spells:

 Your Spells              Type           Power      Damage    Failure   Level
a - Slow                  Hex            16%        N/A       16%         1

Your spell library contained the following spells:

 Spells                   Type           Power      Damage    Failure   Level
 Inner Flame              Hex/Fire       2%         N/A       56%         3
 Portal Projectile        Hex/Tloc       4%         N/A       56%         3
 Cause Fear               Hex            2%         N/A       83%         4

Inventory:

Hand Weapons
 a - a +1 sling (weapon)
Armour
 c - a +0 robe (worn)
 d - a +0 ring mail
Scrolls
 b - a scroll of poison

Dungeon Overview and Level Annotations

Branches:
Dungeon (1/15)

Altars:


Message History

You kill the endoplasm!
The kobold throws a stone.
The stone misses you.
You shoot a sling bullet. The sling bullet hits the kobold.
The kobold is moderately wounded.
The kobold misses you.
You shoot a sling bullet.
The sling bullet hits the kobold but does no damage.
The kobold is moderately wounded.
The kobold hits you with a +0 dagger.
You shoot a sling bullet.
The sling bullet barely misses the kobold.
The sling bullet hits the quokka.
The quokka is almost dead.
The kobold hits you with a +0 dagger. The kobold hits you but does no damage.
You shoot a sling bullet. The sling bullet hits the kobold.
You kill the kobold!
The quokka misses you.
You shoot a sling bullet.
The sling bullet hits the quokka but does no damage.
The quokka is severely wounded.
The quokka misses you.
You shoot a sling bullet.
The sling bullet closely misses the quokka.
The sling bullet hits the kobold but does no damage.
The quokka barely misses you. You furiously retaliate!
You headbutt the quokka. The quokka closely misses you.
You shoot a sling bullet.
The sling bullet hits the quokka but does no damage.
The quokka is severely wounded.
The quokka barely misses you. You furiously retaliate!
You headbutt the quokka, but do no damage.
You shoot a sling bullet. The sling bullet hits the quokka.
The quokka is almost dead.
The quokka closely misses you. The quokka misses you.
You shoot a sling bullet.
The sling bullet closely misses the quokka.
The sling bullet hits the kobold.
The kobold is moderately wounded.
The quokka bites you.
You die...

.. Kr #. #K #. ######.
##.....J#### ##..#
#Kr@.#
#######.(.#######.#
#.....+...#.....#.#####
#..<..#...'.....#.#...#
#.....##.##.....#.....#
###''###.####'####....#
.....##...##..........#
.....##...##.....##...#
###'####.####'#####...+


You could see an endoplasm, a quokka and a kobold.

Vanquished Creatures
  An endoplasm (D:1)
  A hobgoblin (D:1)
  A ball python (D:1)
  2 kobolds (D:1)
5 creatures vanquished.

Notes
Turn   | Place    | Note
-------+----------+-------------------------------------------
     0 | D:1      | qw the Minotaur Hexslinger began the quest for the Orb.
     0 | D:1      | Reached XP level 1. HP: 16/16 MP: 1/1
     0 | D:1      | 0 ||| qw: Version: 0.3-a-46-gb1f654a
     0 | D:1      | 0 ||| qw: Game counter: 1565
     0 | D:1      | 0 ||| qw: Melee chars always use a shield: true
     0 | D:1      | 0 ||| qw: God list: Okawaru
     0 | D:1      | 0 ||| qw: Allow faded altars: false
     0 | D:1      | 0 ||| qw: Do Orc after clearing Dungeon:15 true
     0 | D:1      | 0 ||| qw: Do second Lair branch before Depths: true
     0 | D:1      | 0 ||| qw: Lair rune preference: random
     0 | D:1      | 0 ||| qw: Goals: Normal
     0 | D:1      | 0 ||| PLANNING D:1-11
    63 | D:1      | 63 ||| Stepping ~*~*~tactically~*~*~ (outnumbered).
    69 | D:1      | HP: 3/16 [kobold/+0 dagger (4)]
    75 | D:1      | Slain by a quokka

Levels and vault maps discovered:
D:1:      dpeg_arrival_houses_and_road, layout_basic

Action                     || total
---------------------------++-------
   Fire: Sling             ||    20
 Armour: Robe              ||     2
  Dodge: Dodged            ||    11

Table legend:
 A = Non-vault XP
 B = Vault XP
 C = Vault XP percentage of total XP
 D = Non-vault monster count
 E = Vault monster count
 F = Vault count percentage of total count
                 A         B        C        D         E       F
            +---------+---------+-------+---------+---------+-------
      Total |       7 |       0 |   0.0 |       5 |       0 |   0.0
            +---------+---------+-------+---------+---------+-------
        D:1 |       7 |       0 |   0.0 |       5 |       0 |   0.0
            +---------+---------+-------+---------+---------+-------
